AoeStats
← Charlie Brown

MegaRandom

505449398Analyzed
2v2 RM · 22d ago on Sep 9, 2026· 47m 22s· 4 players
Game mode
Random Map
Map size
Medium (4 player)
Population
200
Speed
Normal
Resources
Standard
Victory
Conquest
Starting age
Dark Age
Ending age
Imperial Age
RankedLock teamsTeams togetherTeam positionsShared explorationLock speedFull tech treeHidden civsTurbo modeCheats
Victory
Defeat
🇹🇷 Khmer · Türkiye
650
+15
🇬🇧 Huns · United Kingdom
449
+23
🇨🇳 Khmer · China
639
-20
🇦🇷 Britons · Argentina
597
-18
Charlie Brown
9:29 Feudal Age
11:11 Wheelbarrow
16:24 Castle Age
18:09 Hand Cart
17:38 Horse Collar
24:46 Gold Mining
24:47 Stone Mining
25:07 Loom
31:31 Imperial Age
44:44 Elite Tarkan
Kostuklu/E/
6:23 Loom
10:52 Feudal Age
13:14 Wheelbarrow
12:32 Double-Bit Axe
16:52 Stone Mining
16:52 Gold Mining
20:17 Castle Age
18:48 Bloodlines
21:16 Husbandry
30:09 Tusk Swords
34:57 Scale Mail Armor
35:07 Scale Barding Armor
35:10 Town Watch
38:49 Imperial Age
36:27 Town Patrol
37:21 Gold Shaft Mining
37:30 Stone Shaft Mining
37:13 Bow Saw
37:56 Fletching
38:10 Padded Archer Armor
38:28 Forging
38:18 Horse Collar
38:56 Hand Cart
38:47 Caravan
38:50 Cavalier
39:57 Chain Barding Armor
39:40 Bodkin Arrow
40:07 Leather Archer Armor
40:18 Ballistics
40:10 Masonry
41:11 Chemistry
40:29 Fortified Wall
40:25 Murder Holes
41:10 Heated Shot
41:26 Siege Engineers
42:00 Elite Ballista Elephant
43:08 Conscription
43:27 Hoardings
44:10 Plate Barding Armor
43:36 Scale Mail Armor
44:11 Iron Casting
44:10 Ring Archer Armor
43:54 Bracer
44:38 Architecture
44:19 Elite Battle Elephant
45:39 Double Crossbow
45:20 Sappers
46:05 Capped Ram
Maxi10cn6561
7:20 Loom
14:05 Feudal Age
15:22 Wheelbarrow
14:35 Double-Bit Axe
17:58 Horse Collar
22:02 Castle Age
19:58 Fletching
20:09 Padded Archer Armor
19:58 Town Watch
22:17 Stone Mining
22:21 Gold Mining
22:55 Heavy Plow
23:16 Hand Cart
23:30 Bow Saw
25:43 Gold Shaft Mining
28:43 Treadmill Crane
31:35 Imperial Age
33:00 Masonry
33:11 Ballistics
33:51 Chemistry
33:50 Forging
33:46 Scale Barding Armor
34:23 Husbandry
34:52 Fortified Wall
35:53 Conscription
38:24 Bodkin Arrow
38:44 Leather Archer Armor
39:07 Guilds
38:28 Cavalier
42:06 Bracer
42:45 Iron Casting
45:15 Hoardings
46:35 Ring Archer Armor
46:25 Chain Barding Armor
Captain_S7
11:23 Feudal Age
12:00 Stone Mining
12:53 Wheelbarrow
12:20 Gold Mining
16:17 Castle Age
20:58 Stone Shaft Mining
25:07 Tusk Swords
34:10 Horse Collar
34:18 Double-Bit Axe
35:40 Heavy Plow
35:55 Bow Saw
38:56 Hand Cart
Connection lost

Rejoining the realm…

Still unreachable

The connection could not be restored.

Session expired

The server has moved on; the page needs a fresh start.